 Dungeon Crawl Stone Soup version 0.24.0-13-gcf9b319 (webtiles) character file.

Game seed: 4946490591730030399, levelgen mode: deterministic

1076 Bronimir the Bolt Thrower (level 8, -18/72 HPs)
             Began as a Deep Dwarf Hunter on Mar 8, 2020.
             Killed from afar by a slave (30 damage)
             ... with an exploding inner flame
             ... led by Pikel
             ... hexed by the player character
             ... on level 6 of the Dungeon on Mar 9, 2020.
             The game lasted 00:23:37 (4438 turns).

Bronimir the Bolt Thrower (Deep Dwarf Hunter)       Turns: 4438, Time: 00:23:41

Health: -18/72     AC: 11    Str: 18    XL:     8   Next: 8%
Magic:  18/18 (9)  EV: 13    Int: 12    God:
Gold:   238        SH:  0    Dex: 13    Spells: 7/7 levels left

rFire    . . .     SeeInvis .   a - +3 hand axe (freeze)
rCold    . . .     Gourm    .   (no shield)
rNeg     . . .     Faith    .   B - +0 ring mail
rPois    +         Spirit   .   (no helmet)
rElec    .         Reflect  .   i - +0 cloak
rCorr    .         Harm     .   k - +0 pair of gloves
MR       +....                  n - +2 pair of boots
Stlth    +.........             v - amulet of rage
HPRegen  0.00/turn              J - ring of magical power
MPRegen  0.16/turn              A - ring of poison resistance

@: non-regenerating
A: damage resistance, heal wounds, sense surroundings 1, no regeneration
a: Heal Wounds, Evoke Berserk Rage


You were on level 6 of the Dungeon.
You were not hungry.

You visited 1 branch of the dungeon, and saw 6 of its levels.
You also visited: Sewer.

You collected 238 gold pieces.

Inventory:

Hand Weapons
 a - a +3 hand axe of freezing (weapon)
 b - a +2 hand crossbow
 c - a +0 hunting sling
 O - a +0 shortbow
Missiles
 d - 33 bolts
 g - 261 stones
 y - 11 poisoned darts (quivered)
 C - 44 sling bullets
 H - 48 arrows
Armour
 i - a +0 cloak (worn)
 j - a +0 leather armour
 k - a +0 pair of gloves (worn)
 n - a +2 pair of boots (worn)
 B - a +0 ring mail (worn)
Jewellery
 q - an uncursed ring of protection from magic
 v - an amulet of rage (around neck)
 A - a ring of poison resistance (right hand)
 J - a ring of magical power (left hand)
 N - an uncursed ring of protection from cold {unknown}
Wands
 m - a wand of flame (10)
 t - a wand of disintegration (11)
Scrolls
 r - a scroll of fear
 s - 8 scrolls of remove curse
 u - 3 scrolls of teleportation
 x - 6 scrolls of identify
 K - 2 scrolls of fog
Potions
 e - a potion of brilliance {unknown}
 l - 2 potions of flight {unknown}
 o - 2 potions of haste {unknown}
 p - 3 potions of degeneration {unknown}
 w - 2 potions of cancellation {unknown}
 D - 3 potions of might {unknown}
 E - a potion of magic {unknown}
 F - a potion of invisibility {unknown}
 G - 2 potions of heal wounds {unknown}
Comestibles
 f - 12 rations
 P - 3 chunks of flesh


   Skills:
 + Level 3.8 Fighting
 + Level 2.2 Axes
 + Level 1.3 Slings
 + Level 7.4 Crossbows
 + Level 0.1(0.6) Throwing
 * Level 3.7 Armour
 * Level 4.6 Dodging
 - Level 1.6 Stealth
 * Level 3.1 Evocations


You had 7 spell levels left.
You didn't know any spells.
Your spell library contained the following spells:

 Spells                   Type           Power        Failure   Level  Hunger
 Ice Form                 Ice/Tmut       #.......     99%         4    #####..
 Metabolic Englaciation   Hex/Ice        #.........   100%        5    ######.
 Bolt of Cold             Conj/Ice       #.........   100%        6    #######
 Freezing Cloud           Conj/Ice/Air   #.........   100%        6    #######
 Ozocubu's Refrigeration  Ice            #.........   100%        6    #######
 Simulacrum               Ice/Necr       #.........   100%        6    #######


Dungeon Overview and Level Annotations

Branches:
Dungeon (6/15)              Sewer (visited)
 Temple: D:4-7

Altars:
Gozag
Qazlal
Wu Jian
Yredelemnul

Annotations:
D:2 Natasha
D:6 Menkaure, Pikel


Innate Abilities, Weirdness & Mutations

You are resistant to damage.
You can heal yourself by infusing magical energy.
You passively map a small area around you.
You do not regenerate.


Message History

Pikel closely misses you.
You hit Pikel. You freeze Pikel.
Pikel is almost dead.
You closely miss the jackal.
The jackal bites you but does no damage.
Pikel misses you. The jackal closely misses you.
Pikel hits you but does no damage.
You hit Pikel. You freeze Pikel.
Pikel is almost dead.
You hit the jackal. You freeze the jackal.
You kill the jackal!
Pikel barely misses you. The slave misses you.
You hit Pikel but do no damage.
Pikel is almost dead.
You slash the slave! You freeze the slave.
The slave explodes!
The fiery explosion engulfs the slave!!
You kill the slave!
That felt strangely unrewarding.
The fiery explosion engulfs you!!
You die...

#...§....###...
##........# ..
###.........# *, .
##..........## ,
,,
#...........##,,,,
##...........#,,,
##.)o.pM....##
#...#K†#..#O.#
###.##@###.#.... ,
#.......# ##..h.,
#.......## ..
#....#...## *
##..#.....# * , ,
######..## ** ####
* * *


You could see Pikel, a slave (inner flame), Menkaure and an orc.

Vanquished Creatures
  A slave (D:6)
  A sky beast (D:5)
  2 centaurs (D:5)
  A crocodile (Sewer)
  A scorpion (D:4)
  A hound (D:6)
  4 orc wizards
  An orc priest (D:5)
  A bullfrog skeleton (D:4)
  2 iguanas (D:5)
  Jessica (D:2)
  A centaur skeleton (D:4)
  Natasha (twice) (D:2)
  3 worker ants (D:5)
  A hound skeleton (D:4)
  3 gnolls (D:2)
  2 river rats (D:3)
  5 adders
  2 oozes (D:3)
  7 worms
  6 dart slugs
  3 leopard geckos
  14 orcs
  4 ball pythons
  8 bats
  3 giant cockroaches (D:3)
  8 goblins
  7 hobgoblins
  16 jackals
  3 quokkas
  12 frilled lizards
  14 kobolds
  8 rats
148 creatures vanquished.

Notes
Turn   | Place    | Note
-------+----------+-------------------------------------------
     0 | D:1      | Bronimir the Deep Dwarf Hunter began the quest for the Orb.
     0 | D:1      | Reached XP level 1. HP: 19/19 MP: 1/1
   177 | D:1      | Reached XP level 2. HP: 26/26 MP: 2/2
   220 | D:1      | Reached skill level 5 in Crossbows
   865 | D:1      | Reached XP level 3. HP: 22/32 MP: 3/3
   909 | D:2      | Noticed Jessica
   915 | D:2      | Killed Jessica
   915 | D:2      | Reached XP level 4. HP: 19/39 MP: 4/4
   963 | D:2      | Reached skill level 1 in Armour
  1246 | D:2      | Found a stormy altar of Qazlal.
  1322 | D:2      | Noticed Natasha
  1326 | D:2      | Killed Natasha
  1326 | D:2      | Reached XP level 5. HP: 43/46 MP: 5/5
  1452 | D:2      | Reached skill level 6 in Crossbows
  1470 | D:2      | Noticed Natasha
  1473 | D:2      | Killed Natasha
  1668 | D:2      | Found an ornate altar of the Wu Jian Council.
  1748 | D:2      | Noticed Natasha
  2206 | D:3      | Found a glowing drain.
  2211 | D:3      | Reached skill level 1 in Axes
  2221 | Sewer    | Entered a sewer
  2269 | Sewer    | Noticed a crocodile
  2275 | Sewer    | Killed a crocodile
  2275 | Sewer    | Reached XP level 6. HP: 23/56 MP: 6/6
  2666 | D:3      | Found an opulent altar of Gozag.
  3158 | D:4      | Reached skill level 1 in Evocations
  3223 | D:4      | Reached XP level 7. HP: 11/62 MP: 7/7
  3239 | D:4      | Reached skill level 1 in Slings
  3728 | D:5      | Entered Level 5 of the Dungeon
  3922 | D:5      | Reached skill level 7 in Crossbows
  3923 | D:5      | HP: 3/62 [centaur/arrow (3)]
  4077 | D:5      | Found a basalt altar of Yredelemnul.
  4360 | D:6      | Reached XP level 8. HP: 42/72 MP: 9/9
  4412 | D:6      | Noticed Pikel
  4418 | D:6      | Noticed Menkaure
  4438 | D:6      | Killed from afar by a slave

Levels and vault maps discovered:
D:1:      sevenhm_arrival_forest_fort_large_2, layout_basic
D:2:      layout_loops_ring, lemuel_round_altar, marbit_many_paths,
          first_ration, minivault_5, uniq_natasha, uniq_jessica
D:3:      layout_basic, portal_sewer_entry_b, grunt_gozag_statues
D:4:      layout_loops_ring
D:5:      layout_basic, lemuel_doored_altar, hex_medium
D:6:      layout_cave_pools, uniq_menkaure, uniq_pikel, uniq_grinder,
          uniq_edmund

Skill      XL: |  1  2  3  4  5  6  7 |
---------------+----------------------+-----
Crossbows      | 5 6 7 |  7.4
Fighting       | 2 3 |  3.8
Armour         | 1 2 3 |  3.7
Dodging        | 3 4 |  4.6
Axes           | 1 2 |  2.2
Evocations     | 1 3 |  3.1
Slings         | 1 |  1.3
Throwing       | |  0.1
Stealth        | |  1.6

Action                   |  1- 3 |  4- 6 |  7- 9 || total
-------------------------+-------+-------+-------++-------
Melee: Short sword       |    18 |       |       ||    18
       Hand axe          |    13 |    73 |    38 ||   124
 Fire: Hand crossbow     |    38 |   164 |    85 ||   287
       Hunting sling     |       |    27 |       ||    27
Throw: Dart              |       |     5 |       ||     5
 Abil: Heal Wounds       |       |     1 |     4 ||     5
  Use: Scroll            |       |     5 |     7 ||    12
 Stab: Sleeping          |     2 |       |       ||     2
  Eat: Chunk             |       |     7 |     4 ||    11
Armor: Leather armour    |    20 |    49 |       ||    69
       Ring mail         |       |    11 |    38 ||    49
Dodge: Dodged            |    43 |   131 |    37 ||   211
